 Dungeon Crawl Stone Soup version 0.22.1-2-g9c5b331 (webtiles) character file.

1043 Amaterasu the Chopper (level 8, -3/60 HPs)
             Began as a Demonspawn Fighter on Dec 25, 2018.
             Was an Initiate of Cheibriados.
             Splashed by an oklob sapling's acid (9 damage)
             ... on level 5 of the Dungeon.
             The game lasted 00:06:14 (3587 turns).

Amaterasu the Chopper (Demonspawn Fighter)          Turns: 3587, Time: 00:06:15

Health: -3/60      AC:  1    Str: 24    XL:     8   Next: 4%
Magic:  9/9        EV:  9    Int: 10    God:    Cheibriados [......]
Gold:   268        SH: 10    Dex: 15    Spells: 7/7 levels left

rFire    . . .     SeeInvis .   a - +1 war axe
rCold    + . .     Gourm    .   c - +0 shield
rNeg     . . .     Faith    .   b - +0 scale mail
rPois    .         Spirit   .   n - +1 helmet
rElec    .         Reflect  .   (no cloak)
rCorr    .         Harm     .   (no gloves)
MR       .....                  (no boots)
Stlth    ..........             (no amulet)
HPRegen  0.20/turn              e - ring of protection from cold
MPRegen  0.11/turn              j - +5 ring of strength

@: corroded, very slow
A: claws 2, demonic guardian 1, spiny 1
a: Bend Time, Renounce Religion


You were on level 5 of the Dungeon.
You worshipped Cheibriados.
Cheibriados was noncommittal.
You were not hungry.

You visited 1 branch of the dungeon, and saw 5 of its levels.

You collected 268 gold pieces.

Inventory:

Hand Weapons
 a - a +1 war axe (weapon)
Armour
 b - a +0 scale mail (worn)
 c - a +0 shield (worn)
 n - a +1 helmet (worn)
Jewellery
 e - a ring of protection from cold (left claw)
 j - a +5 ring of strength (right claw)
 m - a cursed amulet of inaccuracy
 p - an uncursed ring of flight
 q - a -3 ring of evasion
 w - an uncursed amulet of magic regeneration {unknown}
 x - an uncursed ring of magical power {unknown}
Wands
 s - a wand of clouds (3)
 t - a wand of scattershot (6)
Scrolls
 i - 3 scrolls of teleportation
Potions
 d - a potion of might
 g - 4 potions of heal wounds
 h - 5 potions of lignification {unknown}
 k - 2 potions of agility {unknown}
 l - 7 potions of curing
 o - 3 potions of haste {unknown}
 r - a potion of berserk rage {unknown}
 u - a potion of mutation {unknown}
 v - 2 potions of invisibility {unknown}
Comestibles
 f - 11 rations


   Skills:
 * Level 4.2 Fighting
 - Level 6.0 Axes
 * Level 4.1 Armour
 * Level 2.2 Dodging
 * Level 4.2 Shields
 * Level 2.2 Invocations


You had 7 spell levels left.
You didn't know any spells.
Your spell library was empty.

Dungeon Overview and Level Annotations

Branches:
Dungeon (5/15)             Temple (0/1) D:5

Altars:
Ashenzari
Cheibriados
Makhleb
Ru
Vehumet
Yredelemnul

Shops:
D:4 [

Annotations:
D:5 exclusion: oklob sapling


Innate Abilities, Weirdness & Mutations

You have very sharp fingernails.
A weak demonic guardian rushes to your aid.
You are partially covered in sharp spines.


Message History

You hit the plant but do no damage. You slash the plant!
You hit the plant but do no damage. You hit the plant. x2
You hit the plant but do no damage.
You hit the oklob sapling but do no damage.
The oklob sapling is severely damaged.
You hit the plant but do no damage. x2; You hit the plant.
You hit the plant but do no damage. You completely miss the plant.
You hit the plant but do no damage. You hit the oklob sapling.
The oklob sapling is almost destroyed.
You slash the plant! You hit the plant but do no damage. x4
You slash the plant! The oklob sapling spits acid at you.
The splash of acid hits you!
You are splashed with acid!
The acid burns!
* * * LOW HITPOINT WARNING * * *
The oklob sapling spits acid at you. The splash of acid hits you!
* * * LOW HITPOINT WARNING * * *
The acid corrodes you!
You are splashed with acid!
The acid burns!
You die...

..#...........#...#....#
..#...........#...'....#
..#...........#...#.<..#
..'...........#...#....#
.######...#...#...#.#..#
.##..############.######
..#......########....#
..'............PP.P..#
###'##..####..PP@P...#
###.#####


#.P!PPPPP.# .....# #.PPP>.P..# .....# #..P..PP..# ###### #..PPPP..## ##P.P..P.#
######### You could see an oklob sapling.

Vanquished Creatures
  An ice beast (D:5)
  A phantom (D:5)
  A centaur (D:5)
  A water moccasin zombie (D:4)
  2 crimson imps (D:5)
  A quasit (D:5)
  3 hounds
  An orc priest (D:4)
  A gnoll shaman (D:4)
  Jessica (D:2)
  An iguana (D:4)
  6 worker ants
  4 gnolls (D:4)
  3 adders
  An ooze (D:4)
  A worm (D:3)
  3 leopard geckos
  11 orcs
  9 bats
  3 giant cockroaches
  2 gnoll zombies (D:3)
  7 goblins
  A hobgoblin (D:3)
  10 jackals
  6 kobolds
  10 frilled lizards
  A leopard gecko skeleton (D:5)
  A quokka skeleton (D:3)
  2 rats
  A plant (D:5)
96 creatures vanquished.

Vanquished Creatures (collateral kills)
  Grinder (D:4)
1 creature vanquished.

Grand Total: 97 creatures vanquished

Notes
Turn   | Place    | Note
-------+----------+-------------------------------------------
     0 | D:1      | Amaterasu the Demonspawn Fighter began the quest for the
                  | Orb.
     0 | D:1      | Reached XP level 1. HP: 18/18 MP: 1/1
    45 | D:1      | Reached skill level 2 in Axes
   238 | D:1      | Gained mutation: You have sharp fingernails. [demonic
                  | ancestry]
   238 | D:1      | Reached XP level 2. HP: 24/24 MP: 2/2
   702 | D:2      | Noticed Jessica
   713 | D:2      | Killed Jessica
   713 | D:2      | Reached skill level 3 in Axes
   713 | D:2      | Gained mutation: You are partially covered in sharp spines.
                  | [demonic ancestry]
   713 | D:2      | Reached XP level 3. HP: 29/29 MP: 3/3
   741 | D:2      | Found a radiant altar of Vehumet.
  1383 | D:3      | Reached skill level 4 in Axes
  1383 | D:3      | Gained mutation: You have very sharp fingernails. [demonic
                  | ancestry]
  1383 | D:3      | Reached XP level 4. HP: 35/35 MP: 4/4
  1737 | D:3      | Found a basalt altar of Yredelemnul.
  1837 | D:4      | Reached XP level 5. HP: 27/41 MP: 5/5
  1837 | D:4      | Reached skill level 5 in Axes
  1877 | D:4      | Found Kematrie's Antique Armour Emporium.
  1994 | D:4      | Reached skill level 6 in Axes
  1994 | D:4      | Gained mutation: A weak demonic guardian rushes to your
                  | aid. [demonic ancestry]
  1994 | D:4      | Reached XP level 6. HP: 14/47 MP: 6/6
  2234 | D:4      | Noticed Grinder
  2254 | D:4      | Killed Grinder
  2254 | D:4      | Reached skill level 1 in Dodging
  2254 | D:4      | Reached XP level 7. HP: 21/52 MP: 7/7
  2572 | D:4      | Found a snail-covered altar of Cheibriados.
  2576 | D:4      | Became a worshipper of Cheibriados the Contemplative
  2586 | D:4      | Found a sacrificial altar of Ru.
  2789 | D:5      | Entered Level 5 of the Dungeon
  2801 | D:5      | Found a burning altar of Makhleb.
  2822 | D:5      | Found a shattered altar of Ashenzari.
  2824 | D:5      | Reached skill level 1 in Invocations
  3147 | D:5      | Found a staircase to the Ecumenical Temple.
  3312 | D:5      | Reached XP level 8. HP: 55/60 MP: 9/9
  3587 | D:5      | Splashed by an oklob sapling's acid

Skill      XL: |  1  2  3  4  5  6  7 |
---------------+----------------------+-----
Axes           | 2 3 4 6 |  6.0
Armour         | 3 4 |  4.1
Dodging        | 1 2 |  2.2
Shields        | 3 4 |  4.2
Invocations    | 2 |  2.2
Fighting       | 4 |  4.2

Action                   |  1- 3 |  4- 6 |  7- 9 || total
-------------------------+-------+-------+-------++-------
Melee: War axe           |    70 |    90 |    98 ||   258
  Use: Scroll            |     2 |     6 |     2 ||    10
 Stab: Distracted        |       |       |     1 ||     1
  Eat: Chunk             |     1 |     2 |     3 ||     6
       Ration            |       |       |     1 ||     1
Armor: Scale mail        |    24 |    34 |    22 ||    80
Dodge: Dodged            |    11 |    17 |    36 ||    64
Block: Shield            |    34 |    47 |    52 ||   133
